 Dungeon Crawl Stone Soup version 0.23.0 (webtiles) character file.

Game seed: 455340212652504561

6601 GenChuck the Thaumaturge (level 10, 0/45 HPs)
             Began as a Spriggan Conjurer on Jan 31, 2019.
             Was a Believer of Vehumet.
             Succumbed to a spiny frog's poison
             ... on level 9 of the Dungeon on Feb 11, 2019.
             The game lasted 02:27:14 (15787 turns).

GenChuck the Thaumaturge (Spriggan Conjurer)       Turns: 15787, Time: 02:27:15

Health: 0/45       AC:  3    Str:  4    XL:     10   Next: 71%
Magic:  26/26      EV: 26    Int: 19    God:    Vehumet [**....]
Gold:   257        SH:  0    Dex: 18    Spells: 15/31 levels left

rFire    + . .     SeeInvis +   v - +5 mace (protect)
rCold    + . .     Gourm    .   (shield restricted)
rNeg     . . .     Faith    .   K - +0 robe {rC+ rF+}
rPois    .         Spirit   .   (helmet restricted)
rElec    .         Reflect  .   h - +0 cloak
rCorr    .         Harm     .   (gloves unavailable)
MR       +....                  (boots unavailable)
Stlth    +++++.....             (no amulet)
HPRegen  0.15/turn              (no ring)
MPRegen  0.20/turn              (no ring)

@: lethally poisoned (0 -> -23), very quick
A: very small, unfitting armour, see invisible, herbivore, speed 3, slow
metabolism 2
a: Renounce Religion


You were on level 9 of the Dungeon.
You worshipped Vehumet.
Vehumet was pleased with you.
You were not hungry.

You visited 3 branches of the dungeon, and saw 13 of its levels.

You collected 672 gold pieces.
You spent 415 gold pieces at shops.

Inventory:

Hand Weapons
 e - a +1 dagger of venom
 j - a +0 falchion of electrocution
 q - a +3 dagger of draining
 r - a +0 mace of protection
 s - a +0 mace of holy wrath
 t - a +2 quarterstaff of chaos
 u - a +0 short sword of speed
 v - a +5 mace of protection (weapon)
 w - a +1 hunting sling
 C - a +1 short sword of venom
 G - a +6 club
 H - a +0 mace of protection
Missiles
 l - 13 tomahawks (quivered)
 L - 69 sling bullets
Armour
 h - a +0 cloak (worn)
 K - a +0 robe of resistance (worn)
Magical Staves
 D - an uncursed staff of summoning
Jewellery
 g - a +5 ring of strength {unknown}
 E - an uncursed ring of protection from magic {unknown}
 I - a +3 ring of strength {unknown}
 O - an uncursed amulet of faith {unknown}
Wands
 m - a wand of polymorph (9)
 p - a wand of paralysis (16)
 y - a wand of random effects (16)
 F - a wand of iceblast (5)
 J - a wand of digging (2)
 N - a wand of scattershot (6)
Scrolls
 x - 3 scrolls of teleportation
 B - 7 scrolls of remove curse
 M - a scroll of immolation
Potions
 a - a potion of agility
 b - 4 potions of mutation
 d - 2 potions of resistance {unknown}
 f - 2 potions of flight {unknown}
 i - a potion of heal wounds
 k - 2 potions of invisibility {unknown}
 n - 6 potions of curing
 o - 3 potions of degeneration {unknown}
 z - 2 potions of brilliance {unknown}
 A - 2 potions of magic {unknown}
 P - a potion of cancellation {unknown}
Comestibles
 c - 9 rations


   Skills:
 + Level 1.3 Fighting
 + Level 1.6 Maces & Flails
 + Level 10.0 Dodging
 + Level 10.0 Stealth
 + Level 11.4 Spellcasting
 + Level 7.5 Conjurations
 + Level 1.2 Hexes
 + Level 1.0 Air Magic
 + Level 0.8 Poison Magic
 + Level 0.7 Evocations


You had 15 spell levels left.
You knew the following spells:

 Your Spells              Type           Power        Failure   Level  Hunger
a - Magic Dart            Conj           ####         1%          1    None
b - Searing Ray           Conj           #####.       1%          2    None
c - Iskenderun's Mystic   Conj           #####...     3%          4    ##.....
d - Tukima's Dance        Hex            ###.....     12%         3    None
e - Fulminant Prism       Conj/Hex       ####......   11%         4    ##.....
f - Sting                 Conj/Pois      ####         1%          1    None
g - Shock                 Conj/Air       ####         1%          1    None

Your spell library contained the following spells:

 Spells                   Type           Power        Failure   Level  Hunger
 Confusing Touch          Hex            ###...       3%          1    None
 Corona                   Hex            ###....      3%          1    None
 Dazzling Spray           Conj/Hex       ####..       3%          3    None
 Stone Arrow              Conj/Erth      ####..       4%          3    None
 Animate Skeleton         Necr           N/A          6%          1    None
 Apportation              Tloc           ##....       6%          1    None
 Sandblast                Erth           ##....       6%          1    None
 Summon Small Mammal      Summ           ##..         6%          1    None
 Ensorcelled Hibernation  Hex/Ice        ##....       8%          2    None
 Passwall                 Tmut/Erth      ##......     10%         2    None
 Confuse                  Hex            ###.....     12%         3    None
 Force Lance              Conj/Tloc      ####....     14%         4    ##.....
 Petrify                  Tmut/Erth      ##......     54%         4    ##.....
 Lee's Rapid Deconstruct  Erth           ##........   87%         5    ####...


Dungeon Overview and Level Annotations

Branches:
Dungeon (10/15)            Temple (1/1) D:5            Lair (2/6) D:9
 Shoals (0/4) Lair:2
  Snake: Lair:2-4    Spider: Lair:2-4       Orc: D:9-12

Altars:
Ashenzari
Cheibriados
Dithmenos
Hepliaklqana
Kikubaaqudgha
Makhleb
Nemelex Xobeh
Okawaru
Qazlal
Sif Muna
Trog
Uskayaw
Vehumet
Xom
Yredelemnul
Zin

Shops:
D:6 [   D:7 *   D:9 :[

Annotations:
Lair:2 Urug


Innate Abilities, Weirdness & Mutations

You are very small and have problems with some larger weapons.
You are too small for most types of armour.
You have supernaturally acute eyesight. (SInv)
You are a herbivore.
You cover ground extremely quickly.
You need to consume almost no food.


Message History

* * * LOW HITPOINT WARNING * * *
You feel very sick.
There is a staircase to the Lair here.
* * * LOW HITPOINT WARNING * * *
You feel sick.
* * * LOW HITPOINT WARNING * * *
You feel sick.
* * * LOW HITPOINT WARNING * * *
You feel sick.
* * * LOW HITPOINT WARNING * * *
You feel sick.
* * * LOW HITPOINT WARNING * * *
You feel sick.
* * * LOW HITPOINT WARNING * * *
You feel sick.
* * * LOW HITPOINT WARNING * * *
You feel sick.
* * * LOW HITPOINT WARNING * * *
You feel sick.
You die...

#.. #.....# #.......###
##.###.....# #..........
...........# #..(....###
...........# #.......#
#............# #.......#
#.........<..# #.......#
##........>...# #.....<.#
###.....####....# #.......#
##.........##..@.#####.......###
.#..P........#>..................
...P.......F.r.#.########.######.
.......>....r..#.# #.# #.
....P.......F.##)# #.# #.
.#...........###.# #.# #.
.##.........####.########.######.
.####.....####...................
......)...........#####.#####.###


You could see 2 spiny frogs and 2 porcupines.

Vanquished Creatures
  Pikel (D:6)
  An elephant (D:8)
  A black mamba (Lair:1)
  A spiny frog (Lair:1)
  A komodo dragon (Lair:1)
  A hornet (D:9)
  Prince Ribbit (D:5)
  Grinder (D:6)
  2 hippogriffs
  Sigmund (D:3)
  Eustachio (D:6)
  A basilisk (D:8)
  Menkaure (D:7)
  Edmund (D:4)
  A porcupine (Lair:1)
  Duvessa (D:4)
  2 orc warriors
  An ice beast (D:5)
  A slave (D:7)
  7 ogres
  2 sky beasts
  A phantom (D:4)
  A centaur (D:8)
  A crocodile (D:8)
  Blork the orc (D:5)
  3 bullfrogs
  Dowan (D:5)
  4 scorpions
  5 crimson imps
  A centaur zombie (D:9)
  A quasit (D:4)
  2 bullfrog zombies
  A centaur skeleton (D:4)
  9 orc wizards
  Crazy Yiuf (D:2)
  4 orc priests
  5 hounds
  2 bullfrog skeletons
  Jessica (D:2)
  A worker ant (D:4)
  Ijyb (D:3)
  2 iguanas
  Terence (D:3)
  A killer bee zombie (D:8)
  A worker ant zombie (D:5)
  7 gnolls
  6 adders
  An ooze (D:4)
  2 adder zombies
  2 adder skeletons (D:5)
  A worm (D:3)
  2 dart slugs
  3 leopard geckos
  23 orcs
  8 giant cockroaches
  9 goblins
  10 hobgoblins
  6 jackals
  4 quokkas
  A ball python (D:2)
  8 bats
  3 frilled lizards
  3 kobolds
  A leopard gecko skeleton (D:4)
  8 rats
  A fulminant prism (D:8)
190 creatures vanquished.

Vanquished Creatures (others)
  A fulminant prism (D:8)
1 creature vanquished.

Grand Total: 191 creatures vanquished

Notes
Turn   | Place    | Note
-------+----------+-------------------------------------------
     0 | D:1      | GenChuck the Spriggan Conjurer began the quest for the Orb.
     0 | D:1      | Reached XP level 1. HP: 9/9 MP: 5/5
   347 | D:1      | Reached XP level 2. HP: 13/13 MP: 1/6
   425 | D:1      | Found a sparkling altar of Nemelex Xobeh.
   467 | D:1      | Learned a level 2 spell: Searing Ray
  1283 | D:1      | Reached XP level 3. HP: 16/16 MP: 5/8
  1861 | D:2      | Noticed Jessica
  1866 | D:2      | Killed Jessica
  1866 | D:2      | Reached skill level 3 in Spellcasting
  1866 | D:2      | Reached XP level 4. HP: 21/21 MP: 3/9
  2149 | D:2      | Found a runed translucent door.
  2150 | D:2      | Noticed Crazy Yiuf
  2162 | D:2      | Killed Crazy Yiuf
  2817 | D:3      | Noticed Terence
  3115 | D:3      | Reached XP level 5. HP: 24/24 MP: 9/11
  3165 | D:3      | Noticed Ijyb
  3167 | D:3      | Noticed Sigmund
  3295 | D:3      | Found a bloodstained altar of Trog.
  3355 | D:3      | Killed Sigmund
  3355 | D:3      | Reached skill level 4 in Spellcasting
  3355 | D:3      | Reached XP level 6. HP: 19/28 MP: 2/13
  3612 | D:3      | Killed Ijyb
  3893 | D:3      | Killed Terence
  4261 | D:4      | Found a shattered altar of Ashenzari.
  4376 | D:5      | Entered Level 5 of the Dungeon
  4531 | D:4      | Reached skill level 5 in Spellcasting
  4664 | D:5      | Noticed a sky beast
  4694 | D:4      | Reached skill level 5 in Dodging
  4711 | D:4      | Reached skill level 5 in Stealth
  4885 | D:4      | Reached XP level 7. HP: 32/32 MP: 5/16
  4891 | D:4      | Learned a level 4 spell: Iskenderun's Mystic Blast
  5104 | D:4      | Noticed Edmund
  5158 | D:4      | Killed Edmund
  5158 | D:4      | Reached skill level 5 in Conjurations
  5980 | D:5      | Reached skill level 6 in Spellcasting
  6265 | D:5      | Found a staircase to the Ecumenical Temple.
  6325 | D:4      | Reached XP level 8. HP: 22/36 MP: 4/18
  6802 | Temple   | Entered the Ecumenical Temple
  6873 | Temple   | Became a worshipper of Vehumet
  7213 | D:5      | Noticed Prince Ribbit
  7220 | D:5      | Killed Prince Ribbit
  7220 | D:5      | Reached skill level 7 in Spellcasting
  7400 | D:5      | Noticed Dowan
  7401 | D:5      | Noticed Duvessa
  7453 | D:5      | Killed Dowan
  7782 | D:5      | Reached skill level 1 in Maces & Flails
  7936 | D:5      | Learned a level 3 spell: Tukima's Dance
  7941 | D:5      | Learned a level 4 spell: Fulminant Prism
  8077 | D:4      | Killed Duvessa
  8880 | D:5      | Noticed Blork the orc
  8890 | D:5      | Killed Blork the orc
  9168 | D:6      | Reached XP level 9. HP: 40/40 MP: 6/21
  9341 | D:6      | Reached skill level 8 in Spellcasting
  9732 | D:6      | Reached * piety under Vehumet
  9732 | D:6      | Offered knowledge of Sting by Vehumet.
  9735 | D:6      | Learned a level 1 spell: Sting
 10039 | D:6      | Found Fakyph's Armour Shop.
 10077 | D:6      | Bought a +0 robe of resistance for 415 gold pieces
 10165 | D:6      | Noticed Grinder
 10176 | D:6      | Killed Grinder
 10275 | D:6      | Found an iron altar of Okawaru.
 10353 | D:6      | Noticed Eustachio
 10392 | D:6      | Killed Eustachio
 10721 | D:7      | Noticed Pikel
 10984 | D:6      | Killed Pikel
 10984 | D:6      | Reached skill level 9 in Spellcasting
 11172 | D:7      | Found a deep blue altar of Sif Muna.
 11699 | D:7      | Noticed Menkaure
 11704 | D:7      | Killed Menkaure
 11811 | D:7      | Reached skill level 10 in Spellcasting
 11811 | D:7      | Reached skill level 1 in Hexes
 11811 | D:7      | Reached XP level 10. HP: 44/44 MP: 14/25
 11974 | D:7      | Found Zin's Purification Station.
 11975 | D:7      | Found a glowing silver altar of Zin.
 12489 | D:9      | Found Moeshe Vups's Armour Shop.
 12708 | D:8      | Reached skill level 1 in Fighting
 13204 | D:8      | Reached skill level 10 in Stealth
 13298 | D:8      | Found an ancient bone altar of Kikubaaqudgha.
 13422 | D:8      | Found a burning altar of Makhleb.
 13573 | D:9      | Reached ** piety under Vehumet
 13573 | D:9      | Offered knowledge of Shock by Vehumet.
 13576 | D:9      | Learned a level 1 spell: Shock
 13874 | D:10     | Entered Level 10 of the Dungeon
 14021 | D:9      | Found Esoolu's Book Shoppe.
 14205 | D:9      | Noticed an elephant
 14206 | D:9      | Found a staircase to the Lair.
 14481 | D:8      | Killed an elephant
 14724 | Lair:1   | Entered Level 1 of the Lair of Beasts
 14724 | Lair:1   | Noticed a black mamba
 14738 | Lair:1   | HP: 2/45 [poisoned by a black mamba]
 14742 | Lair:1   | Upgraded the game from 0.23-b1-3-gdda8187 to 0.23.0
 14744 | Lair:1   | Killed a black mamba
 14744 | Lair:1   | Reached skill level 11 in Spellcasting
 14796 | Lair:1   | HP: 1/45 [komodo dragon (11)]
 14807 | Lair:1   | Noticed a spiny frog
 14901 | Lair:1   | Reached skill level 1 in Air Magic
 15158 | Lair:2   | Found a staircase to the Shoals.
 15158 | Lair:2   | Noticed a manticore
 15158 | Lair:2   | Noticed Urug
 15241 | Lair:1   | Noticed a spiny frog
 15346 | Lair:1   | Killed a spiny frog
 15463 | Lair:1   | Reached skill level 10 in Dodging
 15648 | Lair:1   | Noticed a spiny frog
 15785 | D:9      | HP: 2/45 [poisoned by a spiny frog]
 15787 | D:9      | Succumbed to a spiny frog's poison

Skill      XL: |  1  2  3  4  5  6  7  8  9 10 |
---------------+-------------------------------+-----
Conjurations   | 3 4 5 6 7 |  7.5
Spellcasting   | 3 4 5 6 7 10 11 | 11.4
Dodging        | 4 5 6 8 9 10 | 10.0
Stealth        | 4 5 6 7 9 10 | 10.0
Maces & Flails | 1 |  1.6
Hexes          | 1 |  1.2
Fighting       | 1 |  1.3
Air Magic      | 1 |  1.0
Poison Magic   | |  0.8
Evocations     | |  0.7

Action                   |  1- 3 |  4- 6 |  7- 9 | 10-12 || total
-------------------------+-------+-------+-------+-------++-------
Melee: Unarmed           |     1 |       |       |       ||     1
       Mace              |       |       |    36 |     9 ||    45
Throw: Tomahawk          |       |       |       |     2 ||     2
 Cast: Magic Dart        |    70 |   122 |   216 |   159 ||   567
       Searing Ray       |     9 |    13 |    36 |     6 ||    64
       Iskenderun's Myst |       |       |    41 |    14 ||    55
       Sting             |       |       |    11 |    43 ||    54
       Tukima's Dance    |       |       |     2 |       ||     2
       Shock             |       |       |       |    27 ||    27
       Fulminant Prism   |       |       |       |     2 ||     2
Evoke: Wand              |       |       |     3 |       ||     3
  Use: Scroll            |     4 |     5 |     9 |     4 ||    22
       Potion            |       |       |     2 |     3 ||     5
  Eat: Ration            |       |     1 |     6 |     2 ||     9
Armor: Robe              |     3 |     1 |    14 |     8 ||    26
       Skin              |       |     3 |       |       ||     3
Dodge: Dodged            |    17 |    14 |   160 |   125 ||   316
